[Event "Titled Tuesday Blitz July 26 Early 2022"]
[White "Hamley, Ryan"]
[Black "Avalos Parra, Joao"]
[WhiteFideId "30959497"]
[BlackFideId "3402541"]
[WhiteElo "2520"]
[BlackElo "2173"]
[Result "1/2-1/2"]
[Round "05"]
[TimeControl "180+1"]
[Date "2022.07.27"]
[WhiteClock "0:00:20"]
[BlackClock "0:00:08"]

1. d4 Nf6 2. c4 e6 3. Nf3 d5 4. Nc3 c5 5. cxd5 Nxd5 6. e4 Nxc3 7. bxc3 cxd4 8. cxd4 Bb4+ 9. Bd2 Bxd2+ 10. Qxd2 O-O 11. Bc4 Nc6 12. O-O b6 13. d5 Na5 14. Bd3 exd5 15. exd5 Bb7 16. d6 Bxf3 17. gxf3 Qf6 18. Be4 Rad8 19. d7 Nc4 20. Qc2 Ne5 21. Kg2 Rxd7 22. Bxh7+ Kh8 23. Be4 Rfd8 24. Rad1 g6 25. Rxd7 Rxd7 26. Rd1 Rxd1 27. Qxd1 Kg7 28. Qd4 g5 29. Qe3 Qf4 30. h3 Kf6 31. a4 Qxe3 32. fxe3 Nc4 33. Kf2 Ke5 34. Bc2 a5 35. Bb3 Nd6 36. Kg3 f5 37. f4+ gxf4+ 38. exf4+ Kf6 39. Kf3 b5 40. Ke3 b4 41. Kd4 Ne4 42. Bc2 Nc3 43. Kc5 Ne2 44. Kb6 Nxf4 45. Kxa5 Nd5 46. Kb5 Ke5 47. a5 f4 48. a6 Nc7+ 49. Kxb4 Nxa6+ 50. Kc4 Nc7 51. Kd3 Nd5 52. Ke2 Ne3 53. Bd3 Ng2 54. Kf2 Nh4 55. Bc2 Kd4 56. Bb1 Ke5 57. Bc2 Kf6 58. Ke2 Kg5 59. Kd3 f3 60. Ke3 Kh5 61. Kf2 Kg5 62. Kg3 f2 63. Kxf2 Kf4 64. Bd1 Ng6 65. Bg4 Nh4 66. Ke2 Ng6 67. Kd3 Nh4 68. Kd4 Ng2 69. Kd5 Kg3 70. Ke5 Nh4 71. Kf6 Ng2 72. Kg5 Nh4 73. Be6 Ng2 74. Kf5 Nh4+ 75. Ke4 Ng2 76. Ke5 Nh4 77. Kf6 Ng2 78. Kg5 Nh4 79. Bd5 Kxh3 1/2-1/2


[Site "https://www.chess.com"]

[Event "Titled Tuesday Blitz July 26 Early 2022"]
[White "Hansen, Eric"]
[Black "Harshavardhan G B"]
[WhiteFideId "2606771"]
[BlackFideId "25059009"]
[WhiteElo "2568"]
[BlackElo "1831"]
[Result "1-0"]
[Round "05"]
[TimeControl "180+1"]
[Date "2022.07.26"]
[WhiteClock "0:02:07"]
[BlackClock "0:00:03"]

1. e4 c5 2. Nf3 d6 3. Bb5+ Bd7 4. Bxd7+ Qxd7 5. c4 Nf6 6. Nc3 g6 7. d4 cxd4 8. Nxd4 Bg7 9. h3 O-O 10. Be3 Nc6 11. Rc1 Rfc8 12. Nde2 Qd8 13. O-O Qa5 14. b3 a6 15. a4 Nd7 16. Nd5 Qd8 17. Bg5 Rab8 18. Qd2 Bf8 19. b4 b5 20. cxb5 axb5 21. a5 Nde5 22. Nd4 Nc4 23. Nxc6 Rxc6 24. Qe2 h6 25. Bh4 g5 26. Bg3 e6 27. Nc3 Bg7 28. Nxb5 Rxb5 29. Rxc4 Rxc4 30. Qxc4 Qd7 31. Bxd6 Qb7 32. Rc1 Bf8 33. Qc8 1-0


[Site "https://www.chess.com"]

[Event "Titled Tuesday Blitz July 26 Early 2022"]
[White "Ibarra Jerez, Jose Carlos"]
[Black "Munkhgal, Gombosuren"]
[WhiteFideId "2226332"]
[BlackFideId "4901266"]
[WhiteElo "2628"]
[BlackElo "2576"]
[Result "1-0"]
[Round "05"]
[TimeControl "180+1"]
[Date "2022.07.26"]
[WhiteClock "0:02:08"]
[BlackClock "0:01:11"]

1. e4 e6 2. d4 d5 3. Nc3 Bb4 4. Ne2 dxe4 5. a3 Bxc3+ 6. Nxc3 Nc6 7. d5 exd5 8. Qxd5 Nf6 9. Qxd8+ Nxd8 10. Bg5 Bf5 11. Bxf6 gxf6 12. Nd5 Ne6 13. Nxf6+ Kf8 14. O-O-O Kg7 15. Nh5+ Kh6 16. Ng3 Bg6 17. h4 Ng7 18. Rd7 Rhd8 19. Rxc7 Rac8 20. Rxc8 Rxc8 21. h5 Bf5 22. Be2 Kg5 23. h6 Ne6 24. Rh5+ Kg6 25. Nxf5 1-0


[Site "https://www.chess.com"]

[Event "Titled Tuesday Blitz July 26 Early 2022"]
[White "Ismagilov, Damir"]
[Black "Pap, Gyula"]
[WhiteFideId "34199982"]
[BlackFideId "725323"]
[WhiteElo "2138"]
[BlackElo "2553"]
[Result "1-0"]
[Round "05"]
[TimeControl "180+1"]
[Date "2022.07.26"]
[WhiteClock "0:00:08"]
[BlackClock "0:00:04"]

1. d4 Nf6 2. c4 e6 3. Nf3 Bb4+ 4. Nbd2 c5 5. a3 Bxd2+ 6. Bxd2 cxd4 7. Nxd4 b6 8. e3 Bb7 9. Bd3 a6 10. O-O Nc6 11. Bc3 Rc8 12. Qe2 O-O 13. Rfd1 Qc7 14. b3 Ne5 15. Bc2 d5 16. f4 Ned7 17. Bb4 Rfe8 18. Rac1 dxc4 19. bxc4 Nc5 20. Nf3 Nce4 21. Rd4 a5 22. Be1 Qc5 23. Rb1 Qxa3 24. Rxb6 Ba8 25. Ra6 Nc3 26. Qd3 Nfe4 27. Rxa8 Rxa8 28. Rxe4 a4 29. Bxc3 Qc1+ 30. Kf2 a3 31. Rd4 g6 32. Rd7 a2 33. Ng5 a1=Q 34. Bxa1 Rxa1 35. Nxf7 Qe1+ 36. Kf3 Qf1+ 37. Qxf1 Rxf1+ 38. Ke2 Rc1 39. Bd3 Ra1 40. Nh6+ Kh8 41. Nf7+ Kg8 42. Ng5 e5 43. Be4 exf4 44. Bd5+ Kh8 45. Rxh7# 1-0


[Site "https://www.chess.com"]

[Event "Titled Tuesday Blitz July 26 Early 2022"]
[White "Ismayil, Malak"]
[Black "Averjanov, Alexey"]
[WhiteFideId "13412604"]
[BlackFideId "14109867"]
[WhiteElo "1879"]
[BlackElo "2654"]
[Result "1-0"]
[Round "05"]
[TimeControl "180+1"]
[Date "2022.07.27"]
[WhiteClock "0:00:14"]
[BlackClock "0:00:30"]

1. e4 c6 2. d4 d5 3. Nc3 dxe4 4. Nxe4 Bf5 5. Ng3 Bg6 6. Nf3 Nd7 7. h4 h6 8. h5 Bh7 9. Bd3 Bxd3 10. Qxd3 e6 11. Bd2 Ngf6 12. O-O-O Be7 13. c4 b5 14. c5 Nxc5 15. Qc2 Ncd7 16. Kb1 c5 17. dxc5 Bxc5 18. Ne4 Nxe4 19. Qxe4 O-O 20. Bc3 Nf6 21. Qe5 Qb6 22. g4 b4 23. Bd4 Bxd4 24. Rxd4 Rfd8 25. g5 Rxd4 26. Nxd4 Qb7 27. Rg1 hxg5 28. Qxg5 Qe4+ 29. Ka1 Ne8 30. Nb3 Rc8 31. h6 g6 32. Qe7 Qf3 33. Qxa7 Rd8 34. Rc1 Nf6 35. Qb6 Rd3 36. Qxb4 Kh7 37. Qe7 1-0


[Site "https://www.chess.com"]

[Event "Titled Tuesday Blitz July 26 Early 2022"]
[White "Kamsky, Gata"]
[Black "Wagner, Dennis"]
[WhiteFideId "2000024"]
[BlackFideId "24650684"]
[WhiteElo "2645"]
[BlackElo "2355"]
[Result "1-0"]
[Round "05"]
[TimeControl "180+1"]
[Date "2022.07.26"]
[WhiteClock "0:01:34"]
[BlackClock "0:00:09"]

1. d4 g6 2. Nf3 Bg7 3. c3 d6 4. e4 Nf6 5. Bd3 O-O 6. O-O Nbd7 7. h3 e5 8. Re1 b6 9. a4 a5 10. Bg5 Bb7 11. Nbd2 h6 12. Bh4 Qe8 13. Bb5 c6 14. Bf1 Nh5 15. Nc4 Qe6 16. dxe5 dxe5 17. Qd6 g5 18. Qxe6 fxe6 19. Bg3 Nxg3 20. fxg3 Kf7 21. Red1 Ke7 22. Rxd7+ Kxd7 23. Nxb6+ Kc7 24. Nxa8+ Rxa8 25. Bc4 Bc8 26. b3 Bf8 27. Kf1 Bd6 28. Ke2 Bd7 29. Nh2 Rf8 30. Rf1 Rxf1 31. Kxf1 Bf8 32. h4 Kd6 33. hxg5 hxg5 34. Ke2 c5 35. Kf3 Bc6 36. Ng4 Bg7 37. Nf2 Ke7 38. Kg4 Kf6 39. Bd3 Kg6 40. Nd1 Kh6 41. Ne3 Be8 42. Kf3 Bh5+ 43. g4 Be8 44. Nc4 1-0


[Site "https://www.chess.com"]

[Event "Titled Tuesday Blitz July 26 Early 2022"]
[White "Korchmar, Vasiliy"]
[Black "Tong, Hai Anh"]
[WhiteFideId "24131750"]
[BlackFideId "12412805"]
[WhiteElo "2370"]
[BlackElo "1467"]
[Result "1-0"]
[Round "05"]
[TimeControl "180+1"]
[Date "2022.07.27"]
[WhiteClock "0:00:12"]
[BlackClock "0:00:25"]

1. e4 c6 2. d4 d5 3. e5 c5 4. dxc5 Nc6 5. Bb5 e6 6. Be3 Bd7 7. Bxc6 Bxc6 8. Nf3 Ne7 9. Nd4 Rc8 10. O-O Ng6 11. b4 Nxe5 12. Nd2 Be7 13. f4 Ng6 14. f5 exf5 15. Nxf5 O-O 16. Bd4 f6 17. Re1 Bd7 18. Qh5 Rf7 19. Nf1 Ne5 20. N1e3 Qf8 21. Nxd5 Bd8 22. Nd6 Bg4 23. Qh4 f5 24. Qf2 Nc6 25. Re8 Bg5 26. Rxf8+ Rcxf8 27. Nxf7 Rxf7 28. Re1 Rd7 29. c4 f4 30. Ba1 f3 31. gxf3 Bf5 32. Qg3 h6 33. h4 Bd8 34. Re8+ Kh7 35. Qf4 Bg6 36. Qf8 Bxe8 37. Qxe8 Nb8 38. h5 b5 39. c6 Rd6 40. cxb5 Rxd5 41. Qg6+ Kg8 42. Qxg7# 1-0


[Site "https://www.chess.com"]

[Event "Titled Tuesday Blitz July 26 Early 2022"]
[White "Kozak, Adam"]
[Black "Begmuratov, Khumoyun"]
[WhiteFideId "753246"]
[BlackFideId "14210207"]
[WhiteElo "2459"]
[BlackElo "1978"]
[Result "1-0"]
[Round "05"]
[TimeControl "180+1"]
[Date "2022.07.26"]
[WhiteClock "0:00:41"]
[BlackClock "0:00:03"]

1. e4 e5 2. Nc3 Nf6 3. d4 exd4 4. Qxd4 Nc6 5. Qd3 Bb4 6. Bd2 d6 7. O-O-O O-O 8. a3 Ba5 9. f4 Re8 10. Re1 Qe7 11. Nf3 Bxc3 12. Bxc3 Nxe4 13. Ng5 Bf5 14. Nxe4 Bxe4 15. Qg3 f6 16. Bc4+ Kh8 17. Bd5 f5 18. Bxe4 fxe4 19. Rxe4 Qf7 20. Rhe1 Rxe4 21. Rxe4 d5 22. Re1 d4 23. Bd2 Qa2 24. Kd1 Qxb2 25. f5 Qb1+ 26. Bc1 Qb5 27. Qf3 d3 28. Qxd3 Qa4 29. Re4 Qa5 30. Bd2 Qc5 31. Kc1 Qg1+ 32. Kb2 Qxg2 33. Bc3 Rf8 34. Qd7 Nb8 35. Qe7 Rg8 36. f6 Nc6 37. fxg7+ Rxg7 38. Qf8# 1-0


[Site "https://www.chess.com"]

[Event "Titled Tuesday Blitz July 26 Early 2022"]
[White "Kravtsiv, Martyn"]
[Black "Le, Tuan Minh"]
[WhiteFideId "14113147"]
[BlackFideId "12401153"]
[WhiteElo "2694"]
[BlackElo "2530"]
[Result "0-1"]
[Round "05"]
[TimeControl "180+1"]
[Date "2022.07.26"]
[WhiteClock "0:00:43"]
[BlackClock "0:01:05"]

1. e4 c5 2. Nf3 Nf6 3. e5 Nd5 4. Nc3 e6 5. Ne4 f5 6. Nc3 Ne7 7. d4 cxd4 8. Nxd4 a6 9. Be2 Nbc6 10. Nxc6 Nxc6 11. Bf4 Qb6 12. Qd2 g6 13. O-O Bg7 14. Na4 Qc7 15. Qe3 b5 16. Nb6 Rb8 17. Nxc8 Rxc8 18. a4 Nb4 19. Rfc1 Nd5 20. Qf3 Nxf4 21. Qxf4 Bxe5 22. Qb4 Bxh2+ 23. Kh1 Qf4 24. c3 Qh6 25. Qb3 Bf4+ 0-1


[Site "https://www.chess.com"]

[Event "Titled Tuesday Blitz July 26 Early 2022"]
[White "Kuchava, Ana"]
[Black "Bilan, Danila"]
[WhiteFideId "13605348"]
[BlackFideId "24161918"]
[WhiteElo "1955"]
[BlackElo "2164"]
[Result "0-1"]
[Round "05"]
[TimeControl "180+1"]
[Date "2022.07.27"]
[WhiteClock "0:00:04"]
[BlackClock "0:00:10"]

1. d4 d5 2. c4 c6 3. Nf3 Nf6 4. Qb3 e6 5. Bg5 Nbd7 6. e3 Be7 7. Nc3 O-O 8. cxd5 exd5 9. Bd3 Re8 10. O-O Nf8 11. Ne5 Ng4 12. Bxe7 Qxe7 13. Nxg4 Bxg4 14. Qc2 Ng6 15. Bf5 Qg5 16. Bxg4 Qxg4 17. Rae1 Nh4 18. f3 Qg5 19. Qf2 Re6 20. e4 Rae8 21. f4 Qd8 22. f5 Rh6 23. e5 Qg5 24. Qg3 Qh5 25. Rf4 Nxf5 26. Qh3 Qxh3 27. gxh3 g6 28. Kg2 Kg7 29. Ne2 f6 30. Ng3 Nxg3 31. hxg3 fxe5 32. dxe5 Rh5 33. e6 Rf5 34. Rb4 Re7 35. Ra4 a6 36. Rb4 Kf6 37. g4 Re5 38. Rf4+ Kxe6 39. Rxe5+ Kxe5 40. Rf8 Kd6 41. Rd8+ Kc5 42. Kf3 Kd4 43. Rb8 Kd3 44. h4 Rf7+ 45. Kg2 d4 46. h5 gxh5 47. gxh5 Kc2 48. b3 d3 0-1


[Site "https://www.chess.com"]

[Event "Titled Tuesday Blitz July 26 Early 2022"]
[White "Kuderinov, Kirill"]
[Black "Rustemov, Alexander"]
[WhiteFideId "13701568"]
[BlackFideId "4119002"]
[WhiteElo "2465"]
[BlackElo "2809"]
[Result "1-0"]
[Round "05"]
[TimeControl "180+1"]
[Date "2022.07.26"]
[WhiteClock "0:00:17"]
[BlackClock "0:00:29"]

1. e4 e6 2. d4 d5 3. Nc3 Bb4 4. e5 c5 5. Bd2 Ne7 6. Nb5 Bxd2+ 7. Qxd2 O-O 8. f4 Bd7 9. Nd6 Qb6 10. c3 Nc8 11. Nxc8 Rxc8 12. Nf3 Bb5 13. Bxb5 Qxb5 14. Qe2 Qb6 15. O-O cxd4 16. Nxd4 Nc6 17. Rad1 Nxd4 18. Rxd4 Rc4 19. Rd1 g6 20. Qf2 Rxd4 21. Rxd4 Rc8 22. Rb4 Qa6 23. a3 b6 24. Qe3 h5 25. h3 Kg7 26. Kf2 Qa5 27. Kg3 b5 28. Kh2 Qa6 29. Rd4 Qb6 30. Qd2 a5 31. f5 exf5 32. Rxd5 Rc5 33. Qd4 Rc6 34. Kg3 b4 35. Qxb6 Rxb6 36. axb4 axb4 37. c4 b3 38. Kf3 Rb4 39. Rc5 Ra4 40. Rc7 Kf8 41. Kf4 Ra2 42. Kg5 Rxb2 43. Kf6 Ke8 44. Re7+ Kd8 45. Rxf7 Rxg2 46. Rb7 b2 47. e6 Re2 48. Kf7 f4 49. e7+ Kc8 50. Rxb2 Re4 51. e8=Q+ Rxe8 52. Kxe8 g5 53. Rb5 g4 54. Rxh5 g3 55. Rg5 Kc7 56. Ke7 Kc6 57. Ke6 1-0


[Site "https://www.chess.com"]

[Event "Titled Tuesday Blitz July 26 Early 2022"]
[White "Lazavik, Denis"]
[Black "Shimanov, Aleksandr"]
[WhiteFideId "13515110"]
[BlackFideId "4198603"]
[WhiteElo "2437"]
[BlackElo "2605"]
[Result "1/2-1/2"]
[Round "05"]
[TimeControl "180+1"]
[Date "2022.07.26"]
[WhiteClock "0:00:21"]
[BlackClock "0:00:26"]

1. d4 Nf6 2. c4 e6 3. Nc3 d5 4. cxd5 Nxd5 5. e4 Nxc3 6. bxc3 c5 7. Nf3 cxd4 8. cxd4 Bb4+ 9. Bd2 Bxd2+ 10. Qxd2 O-O 11. Rc1 b6 12. Bd3 Bb7 13. O-O Nd7 14. h4 h6 15. Qf4 Rc8 16. Rxc8 Qxc8 17. Rc1 Qb8 18. Qxb8 Rxb8 19. Rc7 Nf6 20. Ne5 Bxe4 21. Bxe4 Nxe4 22. Rxa7 Rd8 23. f3 Ng3 24. Rxf7 Rxd4 25. Rb7 Rxh4 26. Rxb6 Ra4 27. Rb2 g5 28. Nd3 Ra5 29. Nb4 Kg7 30. Kf2 Nf5 31. Nc2 Kf6 32. a3 h5 33. Ra2 Ra4 34. Rb2 Rc4 35. Ra2 Ra4 36. Rb2 Rc4 37. Ra2 Ra4 1/2-1/2


[Site "https://www.chess.com"]

[Event "Titled Tuesday Blitz July 26 Early 2022"]
[White "Leschinsky, Gary"]
[Black "Fecker, Noah"]
[WhiteFideId "30951321"]
[BlackFideId "1334263"]
[WhiteElo "1809"]
[BlackElo "2312"]
[Result "0-1"]
[Round "05"]
[TimeControl "180+1"]
[Date "2022.07.27"]
[WhiteClock "0:00:07"]
[BlackClock "0:00:25"]

1. d4 d5 2. Nf3 Nf6 3. c4 e6 4. Nc3 dxc4 5. e4 b5 6. e5 Nd5 7. Nxb5 Nb6 8. Be2 Nc6 9. O-O Be7 10. b3 cxb3 11. axb3 Bb7 12. Ba3 Nb4 13. Qd2 N6d5 14. Nc3 O-O 15. Ne4 a5 16. Rfc1 Qb8 17. Nc5 Rd8 18. h4 h6 19. h5 Bc6 20. Bc4 Qb6 21. Bd3 Rab8 22. Be4 Ba8 23. g3 Qb5 24. Kg2 Rb6 25. Bxb4 Nxb4 26. Qf4 Nd5 27. Qg4 Qe2 28. Re1 Ne3+ 29. Kg1 Qxe1+ 30. Rxe1 Nxg4 31. Bxa8 Rxa8 32. Nd2 Rb4 33. Re4 Bxc5 34. Rxg4 Bxd4 35. Ne4 Kf8 36. Kg2 Rxb3 37. Rf4 a4 38. g4 Bxe5 39. Rf3 Rxf3 40. Kxf3 a3 41. g5 a2 42. gxh6 gxh6 43. Nf6 Bxf6 44. Kg3 a1=Q 45. f4 Qd4 46. f5 Ra3+ 47. Kh2 Qb2+ 48. Kh1 Ra1# 0-1


[Site "https://www.chess.com"]

[Event "Titled Tuesday Blitz July 26 Early 2022"]
[White "Lewtak, Damian"]
[Black "Chen, Justin"]
[WhiteFideId "1141724"]
[BlackFideId "2098199"]
[WhiteElo "2359"]
[BlackElo "2289"]
[Result "0-1"]
[Round "05"]
[TimeControl "180+1"]
[Date "2022.07.27"]
[WhiteClock "0:00:20"]
[BlackClock "0:00:06"]

1. e4 e5 2. Nf3 Nc6 3. Bb5 f5 4. Bxc6 dxc6 5. d3 fxe4 6. dxe4 Qxd1+ 7. Kxd1 Bg4 8. Ke2 Bd6 9. Be3 Ne7 10. Nd2 Ng6 11. h3 Bd7 12. Nc4 Be6 13. Nxd6+ cxd6 14. Rhd1 Ke7 15. b3 h6 16. c4 b6 17. Rac1 Rhf8 18. Ne1 Rad8 19. f3 Rd7 20. Rd2 Rfd8 21. Nc2 c5 22. Bf2 Nf4+ 23. Kf1 g5 24. Bg3 Bf7 25. Bxf4 gxf4 26. Na3 a6 27. Nb1 b5 28. cxb5 axb5 29. Nc3 b4 30. Na4 Rb8 31. Rcd1 Rdd8 32. Kf2 Ra8 33. Nb6 Ra6 34. Na4 Raa8 35. Ke1 Ra5 36. Nb6 Ra6 37. Na4 c4 38. Rc1 c3 39. Rd3 Be8 40. a3 Bxa4 41. bxa4 bxa3 42. Rdxc3 Rxa4 43. Ra1 Rda8 44. Kd2 Kd7 45. Kc2 R4a7 46. Ra2 Ra6 47. Rc4 Rc8 48. Kb3 Rb8+ 49. Rb4 Rxb4+ 50. Kxb4 Kc6 51. Rc2+ Kb6 52. Ra2 Kc6 53. Kc4 Ra4+ 54. Kb3 Kb5 55. h4 Ra6 56. h5 Kc5 57. Rd2 a2 58. Rc2+ Kd4 59. Rxa2 Rxa2 60. Kxa2 Ke3 61. Kb3 Kf2 62. Kc3 Kxg2 63. Kc4 Kxf3 64. Kd5 Ke3 65. Kxd6 Kxe4 66. Ke6 f3 67. Kf6 f2 68. Kg6 f1=Q 69. Kxh6 Qg2 70. Kh7 Kf5 71. h6 Kf6 72. Kh8 Kf7 73. Kh7 Qg8# 0-1


[Site "https://www.chess.com"]

[Event "Titled Tuesday Blitz July 26 Early 2022"]
[White "Makovec, Bruno"]
[Black "Ernst, Sipke"]
[WhiteFideId "14536331"]
[BlackFideId "1004689"]
[WhiteElo "2316"]
[BlackElo "2436"]
[Result "0-1"]
[Round "05"]
[TimeControl "180+1"]
[Date "2022.07.26"]
[WhiteClock "0:00:03"]
[BlackClock "0:00:33"]

1. d4 d5 2. c4 e6 3. Nf3 a6 4. c5 b6 5. cxb6 c5 6. g3 Qxb6 7. Bg2 Nc6 8. dxc5 Bxc5 9. O-O Nf6 10. Nc3 O-O 11. Na4 Qa7 12. Nxc5 Qxc5 13. Be3 Qb5 14. Rc1 Bd7 15. Nd4 Qb7 16. Nxc6 Bxc6 17. Bd4 Nd7 18. Qd2 Rfe8 19. Rfd1 a5 20. b3 a4 21. b4 a3 22. Qc3 Ba4 23. Re1 Rec8 24. Qxa3 Bb5 25. Qb2 f6 26. a3 Bc4 27. f4 Qb5 28. e4 Rc6 29. Rcd1 Nf8 30. exd5 Bxd5 31. Bxd5 exd5 32. Rd2 Rc4 33. Bf2 Qc6 34. Red1 h5 35. Rxd5 Rc2 36. Qb3 Rc3 37. Rc5+ Rxb3 38. Rxc6 Raxa3 39. Rc8 Kf7 40. Rc7+ Kg6 41. Bc5 Ne6 42. Re7 Nxc5 43. bxc5 Rb2 44. f5+ Kh6 45. Rf1 Raa2 46. Rf4 Rg2+ 47. Kf1 Rxh2 48. c6 Rh1# 0-1


[Site "https://www.chess.com"]

[Event "Titled Tuesday Blitz July 26 Early 2022"]
[White "Malyi, Viacheslav"]
[Black "Jaskolka, Tomasz"]
[WhiteFideId "14123983"]
[BlackFideId "1170791"]
[WhiteElo "2210"]
[BlackElo "2073"]
[Result "1-0"]
[Round "05"]
[TimeControl "180+1"]
[Date "2022.07.27"]
[WhiteClock "0:00:08"]
[BlackClock "0:00:05"]

1. e4 c5 2. Nf3 e6 3. d4 cxd4 4. Nxd4 Nc6 5. Nc3 Qc7 6. Be3 a6 7. Qd2 Nf6 8. f3 b5 9. Nxc6 Qxc6 10. O-O-O Bb4 11. a3 Bxc3 12. Qxc3 Qxc3 13. bxc3 Bb7 14. Bc5 d5 15. e5 Nd7 16. Bd4 f6 17. f4 Kf7 18. Bd3 f5 19. Kd2 Rhc8 20. Ra1 Nc5 21. Rhg1 Ne4+ 22. Bxe4 dxe4 23. g4 g6 24. a4 Bd5 25. h3 Rc4 26. axb5 axb5 27. Rxa8 Bxa8 28. Ra1 Bd5 29. Ra7+ Kg8 30. Bb6 fxg4 31. hxg4 h5 32. gxh5 gxh5 33. Bd8 e3+ 34. Kxe3 Re4+ 35. Kd2 Rxf4 36. Bf6 h4 37. Rg7+ Kf8 38. Rh7 Rf2+ 39. Ke3 Rxc2 40. Kd4 Ke8 41. Rxh4 Kd7 42. Rh8 Kc7 43. Re8 Bc4 44. Kc5 Rxc3 45. Re7+ Kc8 46. Kb6 Kd8 47. Rxe6+ Kd7 48. Re7+ Kd8 49. Rc7+ Ke8 50. e6 Bxe6 51. Bxc3 b4 52. Bxb4 Kd8 53. Re7 Bd7 54. Re3 Bc8 55. Kc5 Kc7 56. Re7+ Kd8 57. Rg7 Bd7 58. Kd6 Be8 59. Bc3 Kc8 60. Bf6 Kb8 61. Kc5 Kc8 62. Kb6 Bh5 63. Rc7+ Kb8 64. Rd7 Bg4 65. Rd8+ Bc8 66. Rf8 Ka8 67. Rxc8# 1-0


[Site "https://www.chess.com"]

[Event "Titled Tuesday Blitz July 26 Early 2022"]
[White "Mardov, Dimitar"]
[Black "Barp, Alberto"]
[WhiteFideId "30919495"]
[BlackFideId "872555"]
[WhiteElo "2185"]
[BlackElo "2229"]
[Result "1-0"]
[Round "05"]
[TimeControl "180+1"]
[Date "2022.07.26"]
[WhiteClock "0:01:02"]
[BlackClock "0:01:08"]

1. e4 c6 2. Nf3 d5 3. Nc3 Nf6 4. e5 Ne4 5. Nxe4 dxe4 6. Ng5 Qd5 7. d4 exd3 8. Bxd3 Qxe5+ 9. Be3 Bf5 10. Qf3 e6 11. g4 h6 12. Nxf7 Kxf7 13. gxf5 exf5 14. Bxf5 Kg8 15. O-O-O Na6 16. Rd7 Nb4 17. Bg6 Nxa2+ 18. Kb1 Nc3+ 19. bxc3 Qb5+ 20. Kc1 Ba3+ 21. Kd2 Rf8 22. Bf7+ Kh7 23. Qe4+ 1-0


[Site "https://www.chess.com"]

[Event "Titled Tuesday Blitz July 26 Early 2022"]
[White "Martinez Alcantara, Jose Eduardo"]
[Black "Yuan, Qingyu"]
[WhiteFideId "3805662"]
[BlackFideId "8609772"]
[WhiteElo "2703"]
[BlackElo "2359"]
[Result "1-0"]
[Round "05"]
[TimeControl "180+1"]
[Date "2022.07.26"]
[WhiteClock "0:00:12"]
[BlackClock "0:00:05"]

1. e4 c6 2. Nf3 d5 3. d3 dxe4 4. dxe4 Qxd1+ 5. Kxd1 Nf6 6. Nfd2 g6 7. f3 Bh6 8. Nb3 Bxc1 9. Kxc1 g5 10. N1d2 h5 11. c3 b6 12. Kc2 Nbd7 13. Nd4 Bb7 14. Nf5 Rg8 15. a4 Ne5 16. Nc4 Nxc4 17. Bxc4 Bc8 18. Nd4 Bd7 19. e5 Nh7 20. e6 fxe6 21. Bxe6 Bxe6 22. Nxe6 Kf7 23. Rhe1 Rg6 24. Nd4 Rd8 25. Rad1 Nf8 26. Nxc6 Rxd1 27. Ne5+ Kf6 28. Kxd1 Rg7 29. Nc6 e6 30. Kc2 Ng6 31. g3 Rc7 32. Nd4 Ne5 33. f4 gxf4 34. gxf4 Ng4 35. Rxe6+ Kf7 36. Re2 Nf6 37. Re5 Kg6 38. Rg5+ Kf7 39. Kd3 Rd7 40. h3 Nd5 41. Ke4 Nf6+ 42. Kf3 Re7 43. Re5 Rd7 44. a5 Kg6 45. Rg5+ Kf7 46. a6 Rd6 47. Rf5 Kg6 48. Re5 Kf7 49. f5 b5 50. Rxb5 Rxa6 51. Rb7+ Ke8 52. Kf4 Ra5 53. Kg5 Nd7 54. Rc7 h4 55. Kxh4 Rd5 56. Kg5 Ne5 57. Rxa7 Nf7+ 58. Kf4 Nd6 59. h4 Kf8 60. h5 Kg8 61. h6 Ne8 62. Ra8 Kf7 63. h7 Ra5 64. Rxa5 Nf6 65. Ra7+ Nd7 66. Rxd7+ Ke8 67. h8=Q+ Kxd7 68. Qe5 Kc8 69. f6 Kb7 70. f7 Kb6 71. f8=Q Kb7 72. Qff6 1-0


[Site "https://www.chess.com"]

[Event "Titled Tuesday Blitz July 26 Early 2022"]
[White "McConnell, Griffin"]
[Black "Zhukov, Maksim"]
[WhiteFideId "30942551"]
[BlackFideId "34181790"]
[WhiteElo "2274"]
[BlackElo "1978"]
[Result "1/2-1/2"]
[Round "05"]
[TimeControl "180+1"]
[Date "2022.07.27"]
[WhiteClock "0:00:16"]
[BlackClock "0:00:44"]

1. e4 d5 2. exd5 Nf6 3. Nc3 Nxd5 4. Nf3 Bg4 5. Be2 e6 6. d3 Be7 7. O-O O-O 8. h3 Bf5 9. Bd2 Nc6 10. Ne4 Nf6 11. Ng3 Bg6 12. Nh4 Nd5 13. Nxg6 hxg6 14. c3 Bd6 15. Ne4 Bf4 16. g3 Bxd2 17. Qxd2 Nf6 18. Nxf6+ Qxf6 19. Qe3 Rad8 20. d4 Rfe8 21. Rad1 e5 22. d5 Ne7 23. Qxa7 Qd6 24. Qe3 Nxd5 25. Qd2 Qc6 26. c4 Nf6 27. Qe3 e4 28. b3 Qa6 29. Rd2 Rxd2 30. Qxd2 Qb6 31. Qe3 Qxe3 32. fxe3 Rd8 33. Rd1 Rxd1+ 34. Bxd1 Kf8 35. Kf2 Ke7 36. g4 Kd6 37. b4 Ke5 38. Bb3 b6 39. c5 bxc5 40. bxc5 Nd5 41. a4 Nb4 42. Bxf7 Nd3+ 43. Ke2 Nxc5 44. a5 g5 45. Kd2 Kd6 46. Kc3 c6 47. Kd4 Nd3 48. Kxe4 Nf2+ 49. Kf3 Nd3 50. Ke2 Ne5 51. a6 Kc7 52. Be8 Kb6 53. Kd2 Kxa6 54. Kc3 Kb6 55. Kd4 Nf3+ 56. Ke4 Ng1 57. Kd3 Nxh3 58. Ke2 Kc5 59. Kf3 Kd5 60. Kg2 Nf4+ 61. exf4 gxf4 62. Kf3 g5 63. Bg6 c5 64. Be4+ Kd4 65. Bh7 c4 66. Ke2 Kc3 67. Kd1 Kb2 68. Bc2 c3 69. Bd3 f3 70. Be4 c2+ 71. Bxc2 f2 72. Ke2 Kxc2 73. Kxf2 Kd2 74. Kf3 Kd3 75. Kf2 Ke4 76. Kg3 Ke3 77. Kg2 Kf4 78. Kf2 Kxg4 79. Kg2 Kf4 80. Kf2 Kf5 81. Kf3 Kg6 82. Kg4 Kh6 83. Kg3 Kh5 84. Kh3 g4+ 85. Kg3 Kg5 86. Kg2 Kf4 87. Kf2 g3+ 88. Kg2 Kg4 89. Kg1 Kf3 90. Kf1 Kg4 91. Kg2 Kh4 92. Kg1 Kh3 93. Kh1 g2+ 94. Kg1 Kg3 1/2-1/2


[Site "https://www.chess.com"]

[Event "Titled Tuesday Blitz July 26 Early 2022"]
[White "McCoy, Owen"]
[Black "Vivekananthan, Anish"]
[WhiteFideId "30924502"]
[BlackFideId "2090775"]
[WhiteElo "2536"]
[BlackElo "2758"]
[Result "0-1"]
[Round "05"]
[TimeControl "180+1"]
[Date "2022.07.27"]
[WhiteClock "0:00:04"]
[BlackClock "0:00:47"]

1. d4 d5 2. c4 c6 3. Nf3 Nf6 4. Nc3 e6 5. e3 Nbd7 6. Bd3 dxc4 7. Bxc4 b5 8. Bb3 Bd6 9. O-O b4 10. Na4 O-O 11. Re1 c5 12. Bd2 Rb8 13. Rc1 Qe7 14. e4 e5 15. Nh4 g6 16. dxe5 Nxe5 17. f4 Nfg4 18. Nf3 Nd3 19. e5 Bc7 20. h3 Nxc1 21. Qxc1 Nh6 22. Be3 Bb6 23. Nxc5 Bb7 24. Bf2 Bxf3 25. gxf3 Rfc8 26. f5 Nxf5 27. e6 f6 28. Nd7 Bxf2+ 29. Kxf2 Rxc1 30. Nxf6+ Qxf6 31. e7+ Kg7 32. e8=Q Rxe8 0-1


[Site "https://www.chess.com"]

[Event "Titled Tuesday Blitz July 26 Early 2022"]
[White "Melaugh, Shane"]
[Black "Vachylia, Andrii"]
[WhiteFideId "2509580"]
[BlackFideId "14137224"]
[WhiteElo "1938"]
[BlackElo "2318"]
[Result "0-1"]
[Round "05"]
[TimeControl "180+1"]
[Date "2022.07.27"]
[WhiteClock "0:00:03"]
[BlackClock "0:00:03"]

1. c4 Nf6 2. Nc3 e5 3. Nf3 Nc6 4. e4 Bc5 5. Nxe5 Nxe5 6. d4 Bd6 7. dxe5 Bxe5 8. Bd3 O-O 9. O-O Re8 10. Qc2 d6 11. h3 b6 12. Bg5 h6 13. Bh4 Bb7 14. Nd5 Bxd5 15. exd5 g5 16. Bg3 Bxg3 17. fxg3 Nd7 18. Bh7+ Kh8 19. Rxf7 Ne5 20. Raf1 Re7 21. Rxe7 Qxe7 22. Bf5 Rf8 23. b3 a5 24. g4 Qf6 25. Rf2 Kg7 26. a3 Qf7 27. Re2 Qe7 28. Qb2 Kg8 29. Be6+ Kh8 30. b4 axb4 31. axb4 Qf6 32. Qc1 Nd3 33. Qd1 Nf4 34. Re3 Ra8 35. Bf5 Ra1 36. Bb1 Qb2 37. Rb3 Qxg2# 0-1


[Site "https://www.chess.com"]